Map: Ephemeron LE

Players

A.I. 1 (Very Easy)

  • Race: Protoss Protoss
  • Spawn Location: 11:00

Cyanine - Winner!

  • Race: Terran Terran
  • League: Grandmaster
  • Spawn Location: 5:00

VOD

Have the link to the VOD?

Description

Time

  • Played on: Feb. 16, 2020, 11:52 a.m.
  • Length: 14:15
Show
View Real Time Build Order
Export as new Build Order

A.I. 1 (Very Easy) Protoss 

Build Orders: 1 Gate Expand, Nexus First 

Get SALT Encoding   

  12  0:00  Probe  
  13  0:13  Probe  
  14  0:20  Pylon  
  14  0:42  Gateway  
  14  1:00  Nexus  
  14  1:20  Pylon  
  14  1:22  Zealot  
  14  1:24  Assimilator  
  16  1:38  Cybernetics Core  
  16  1:39  Probe  
  17  1:51  Probe  
  18  2:02  Probe  
  18  2:03  Assimilator  
  19  2:10  Probe  
  20  2:16  Stalker  
  20  2:18  Probe  
  23  2:26  Probe  
  23  2:28  Warp Gate  
  24  2:31  Probe  
  25  2:42  Probe  
  26  2:46  Pylon  
  26  2:49  Probe  
  27  2:56  Probe  
  28  3:02  Probe  
  29  3:11  Probe  
  30  3:13  Robotics Facility  
  30  3:14  Probe  
  31  3:24  Zealot  
  31  3:25  Probe  
  33  3:28  Probe  
  34  3:40  Probe  
  35  3:47  Probe  
  35  3:48  Assimilator  
  36  3:54  Probe  
  37  4:01  Observer, Probe  
  37  4:02  Assimilator  
  39  4:06  Probe  
  40  4:15  Observer  
  40  4:16  Probe  
  40  4:19  Probe  
  42  4:30  Probe  
  43  4:32  Sentry  
  43  4:37  Probe  
  46  4:44  Probe  
  47  4:47  Pylon  
  47  4:52  Probe  
  48  4:59  Probe  
  49  5:06  Probe  
  50  6:59  Observer  
  50  7:00  Sentry  
  43  7:09  Probe  
  43  7:13  Pylon  
  35  7:18  Probe  
  26  7:26  Probe  
  26  7:27  Immortal  
  30  7:35  Probe  
  32  7:47  Probe  
  33  7:53  Nexus  
  33  7:59  Probe  
  33  8:01  Immortal  
  33  8:04  Assimilator  
  34  8:11  Probe  
  39  8:14  Assimilator  
  39  8:23  Probe  
  40  8:29  Pylon  
  40  8:36  Probe  
  41  8:48  Probe  
  42  8:58  Probe  
  43  9:06  Probe  
  43  9:09  Zealot, Probe  
  47  9:20  Probe  
  48  9:27  Probe  
  48  9:30  Probe  
  50  9:42  Probe  
  51  9:47  Probe  
  52  10:04  Warp Prism  
  52  10:12  Zealot  
  52  10:14  Gateway, Robotics Bay  
  56  10:16  Stargate  
  56  10:33  Warp Prism  
  58  10:44  Stalker  
  60  10:55  Gravitic Boosters  
  60  11:03  Observer  
  60  11:05  Gateway  
  61  11:16  Sentry  
  53  11:20  Observer  
  53  11:40  Gravitic Drive  
  53  11:48  Zealot  
  55  12:20  Void Ray  
  58  12:30  Probe  
  58  12:33  Pylon  
  38  12:38  Probe  
  38  12:41  Probe  
  38  12:42  Nexus  
  31  12:50  Observer  
  31  12:51  Stalker  
  27  12:58  Probe  
  26  13:09  Nexus  
  26  13:10  Probe  
  21  13:19  Zealot  
  15  13:22  Probe  
  14  13:29  Nexus  
  10  13:39  Robotics Facility  
Show
View Real Time Build Order
Export as new Build Order

Cyanine Terran - Winner!

Build Orders: Reaper Expand 

Get SALT Encoding   

  12  0:00  SCV  
  13  0:13  SCV  
  14  0:17  Supply Depot  
  14  0:25  SCV  
  15  0:38  SCV  
  15  0:39  Barracks  
  16  0:43  Refinery  
  16  0:50  SCV  
  17  1:02  SCV  
  18  1:15  SCV  
  19  1:27  Orbital Command  
  19  1:28  Reaper  
  20  1:39  Command Center  
  20  1:50  Supply Depot  
  20  1:53  SCV  
  21  1:59  Marine  
  22  2:05  SCV  
  23  2:08  Factory  
  23  2:17  SCV  
  23  2:20  Barracks Reactor  
  23  2:21  Bunker  
  24  2:24  Refinery  
  24  2:29  SCV  
  25  2:41  SCV  
  26  2:53  Factory Tech Lab, SCV  
  26  2:56  Orbital Command  
  27  2:58  Marine x2  
  27  3:02  Barracks  
  30  3:05  SCV  
  30  3:12  Cyclone  
  33  3:16  Marine x2  
  33  3:17  SCV  
  36  3:23  SCV  
  37  3:29  SCV  
  37  3:32  Starport  
  37  3:33  Supply Depot  
  38  3:35  Marine, SCV  
  38  3:37  Marine  
  41  3:42  SCV  
  42  3:53  Marine  
  42  3:54  Factory Tech Lab, SCV x2  
  45  3:57  Engineering Bay  
  45  3:58  Supply Depot  
  45  3:59  Marine  
  45  4:00  Marine  
  47  4:03  Stimpack  
  47  4:08  SCV x2  
  49  4:16  Marine  
  50  4:17  Marine x2  
  50  4:20  Supply Depot, Refinery  
  50  4:24  Raven  
  52  4:26  Barracks  
  52  4:28  SCV  
  52  4:30  SCV  
  56  4:34  Marine  
  56  4:35  Marine  
  56  4:37  Marauder  
  60  4:43  Terran Infantry Weapons Level 1, Supply Depot  
  60  4:46  Refinery  
  60  4:47  SCV  
  60  4:48  SCV  
  60  4:51  Factory Reactor  
  62  4:54  Marine x2  
  62  4:59  Marauder, SCV  
  67  5:00  SCV  
  67  5:05  Supply Depot  
  67  5:06  Supply Depot  
  68  5:15  SCV x2  
  68  5:17  Marine x2  
  68  5:18  Combat Shield  
  68  5:20  Marauder  
  74  5:22  Marauder  
  74  5:27  Supply Depot  
  76  5:28  Supply Depot  
  76  5:31  SCV  
  76  5:32  SCV  
  78  5:35  Factory Reactor  
  78  5:36  Marine x2  
  78  5:41  Marauder  
  82  5:43  Marauder  
  82  5:44  Medivac  
  82  5:46  Medivac  
  82  5:48  SCV  
  89  5:51  Supply Depot  
  89  5:54  Supply Depot  
  89  5:55  Marine  
  89  5:56  Concussive Shells  
  90  5:58  Marine  
  90  6:03  Marauder  
  93  6:04  Marauder  
  95  6:12  Widow Mine x2  
  95  6:14  Supply Depot  
  99  6:18  Supply Depot  
  99  6:22  Marine  
  99  6:23  Marine  
  99  6:24  Marauder  
  103  6:26  Marauder  
  103  6:31  Medivac x2  
  109  6:33  Widow Mine x2  
  113  6:42  Supply Depot  
  113  6:45  Command Center  
  113  6:53  SCV x2  
  115  6:55  Widow Mine  
  115  6:56  Widow Mine  
  119  7:01  Barracks x2  
  119  7:04  Medivac x2  
  123  7:12  SCV x2  
  123  7:13  Terran Infantry Armor Level 1  
  125  7:20  Marauder x2, Marine x2  
  125  7:22  Widow Mine x2  
  135  7:26  SCV x2  
  137  7:31  Ghost Academy  
  137  7:38  SCV  
  137  7:39  SCV  
  137  7:40  Supply Depot  
  139  7:47  Marauder x2, Marine x2  
  145  7:57  Orbital Command, SCV x2  
  147  8:00  Refinery  
  147  8:02  Barracks Reactor, Barracks Tech Lab, Supply Depot, Refinery  
  147  8:06  Enhanced Shockwaves  
  147  8:14  Engineering Bay, Armory  
  147  8:15  SCV x2  
  149  8:24  Marine, SCV  
  149  8:25  Ghost, Marine  
  149  8:26  Ghost  
  156  8:27  SCV  
  156  8:30  Ghost  
  159  8:39  Command Center  
  160  8:41  SCV x2  
  160  8:42  SCV  
  162  8:56  Fusion Core  
  162  8:57  Starport  
  162  8:58  Marine, Supply Depot  
  162  8:59  Ghost, Marine x3, Supply Depot  
  162  9:02  Marauder  
  172  9:03  Ghost  
  172  9:06  Terran Infantry Weapons Level 2  
  172  9:13  Terran Infantry Armor Level 2  
  172  9:21  Barracks x2  
  172  9:24  Barracks  
  172  9:27  Missile Turret  
  172  9:28  Missile Turret  
  172  9:33  Starport Reactor  
  172  9:34  Marine x4  
  176  9:43  Marauder x2  
  176  9:44  Marauder, Terran Ship Weapons Level 1, Advanced Ballistics  
  182  9:47  Liberator  
  182  9:51  SCV  
  182  9:52  SCV x2  
  188  9:57  Liberator  
  191  10:04  Refinery, SCV x3  
  191  10:06  Refinery  
  194  10:15  Missile Turret  
  194  10:16  SCV x3  
  194  10:17  Missile Turret  
  194  10:20  Planetary Fortress  
  197  10:34  Liberator  
  200  10:50  Command Center  
  191  11:13  Liberator x2  
  191  11:17  Marine x4  
  200  11:19  Barracks Tech Lab  
  200  11:20  Barracks Tech Lab  
  200  11:21  Barracks Reactor  
  200  11:23  Terran Infantry Weapons Level 3  
  200  11:29  Rapid Reignition System, Terran Infantry Armor Level 3  
  200  11:38  Terran Ship Weapons Level 2  
  200  12:19  Starport  
  200  13:24  Starport Reactor  
  200  13:32  Planetary Fortress  
Tags
 
Add a new tag
Caveats
  • Supply blocks, unpowered buildings, or Contaminate may cause inaccurate times.
  • Supply counts are checked every 10 seconds.